 Dungeon Crawl Stone Soup version 0.17.0-23-g0de4337 (console) character file.

168 jw the Chopper (level 5, 37/37 HPs)
             Began as an Octopode Berserker on Nov 14, 2015.
             Was a Believer of Trog.
             Quit the game on level 4 of the Dungeon.
             The game lasted 00:12:06 (3416 turns).

jw the Chopper (Octopode Berserker)                 Turns: 3416, Time: 00:12:07

Health: 37/37      AC:  1    Str: 16    XL:     5   Next: 48%
Magic:  5/5        EV: 13    Int: 10    God:    Trog [**....]
Gold:   151        SH:  0    Dex: 12    Spells: 0 memorised, 4 levels left

rFire  + . .     SeeInvis .     a - +1 hand axe
rCold  . . .     Clarity  .     (no shield)
rNeg   . . .     SustAt   .     (helmet restricted)
rPois  .         Gourm    .     (no amulet)
rElec  .         Spirit   .     (no ring)
rCorr  .         Warding  .     k - ring of protection from fire
rMut   .         Stasis   .     (no ring)
MR     .....                    (no ring)
Stlth  ++........               (no ring)
                                (no ring)
                                (no ring)
                                (no ring)

@: not resistant to hostile enchantments, unstealthy
A: almost no armour, amphibious, 8 rings, constrict 8, camouflage 1, gelatinous
body 1
a: Berserk, Trog's Hand, Burn Spellbooks, Renounce Religion


You were on level 4 of the Dungeon.
You worshipped Trog.
Trog was pleased with you.
You were not hungry.

You visited 1 branch of the dungeon, and saw 4 of its levels.

You collected 151 gold pieces.

Inventory:

Hand Weapons
 a - a +1 hand axe (weapon)
Missiles
 h - 8 poisoned needles
 i - 60 stones
 j - 3 tomahawks (quivered)
Jewellery
 k - a ring of protection from fire (right tentacle)
Scrolls
 d - 2 scrolls of fear
 e - 2 scrolls of remove curse
 m - 3 scrolls of identify
Comestibles
 b - 2 bread rations
 c - 2 chunks of flesh
 f - a meat ration


   Skills:
 + Level 4.0 Fighting
 * Level 4.6 Axes
 + Level 2.4 Throwing
 - Level 3.0 Dodging


You had 4 spell levels left.
You didn't know any spells.

Dungeon Overview and Level Annotations

Branches:
Dungeon (4/15)
 Temple: D:4-7

Altars:
Cheibriados
Dithmenos
Ru


Innate Abilities, Weirdness & Mutations

You cannot wear most types of armour.
You are amphibious.
You can wear up to eight rings at the same time.
You can use your tentacles to constrict eight enemies at once.
Your skin changes colour to match your surroundings (Stealth).
Your rubbery body absorbs attacks (AC +1).


Message History

Sorry, I don't know how to get there.
(D) Dungeon
Where to? (Enter - D:5, ? - help) Sorry, I don't know how to get there.
(D) Dungeon
Where to? (Enter - D:5, ? - help) Sorry, I don't know how to get there.
Quiver which item? (- for none, * to show all) (? for menu, Esc to quit)
Reset throwing quiver to default.
Quiver which item? (- for none, * to show all) (? for menu, Esc to quit)
Reset throwing quiver to default.
Partly explored, can't reach some places.
(D) Dungeon
Where to? (Enter - D:5, ? - help) Sorry, I don't know how to get there.
(D) Dungeon
Where to? (Enter - D:5, ? - help) Sorry, I don't know how to get there.
Infinite lua loop detected, aborting.
Are you sure you want to abandon this character and quit the game? (Confirm with "yes".)

# #######
#.#######.....#
#.^x....>....<#
#########.....#
#.....# #######


There were no monsters in sight!

Table legend:
 A = Turns spent in this place as a percentage of turns spent in the entire game.
 B = Non-inter-level travel turns spent in this place as a percentage of non-inter-level travel turns spent in the entire game.
 C = Inter-level travel turns spent in this place as a percentage of turns spent in this place.
 D = Turns resting spent in this place as a percentage of non-inter-level travel turns spent in this place.
 E = Turns spent auto-exploring this place as a percentage of non-inter-level travel turns spent in this place.
 F = Non-inter-level travel turns spent in this place divided by the number of levels of this place that you've seen.
                   A       B       C       D       E      F
               +-------+-------+-------+-------+-------+----------------------
         Total | 100.0 | 100.0 |   4.4 |   0.5 |   1.8 | 2250.8
       Dungeon | 100.0 | 100.0 |   4.4 |   0.5 |   1.8 | 2250.8
               +-------+-------+-------+-------+-------+----------------------

Table legend:
 A = Kills in this place as a percentage of kills in entire the game.
 B = Kills by you in this place as a percentage of kills by you in the entire game.
 C = Kills by friends in this place as a percentage of kills by friends in the entire game.
 D = Other kills in this place as a percentage of other kills in the entire game.
 E = Experience gained in this place as a percentage of experience gained in the entire game.
 F = Experience gained in this place divided by the number of levels of this place that you have seen.
                   A       B       C       D       E      F
               +-------+-------+-------+-------+-------+----------------------
         Total | 100.0 | 100.0 |  -nan |  -nan | 100.0 |  60.0
       Dungeon | 100.0 | 100.0 |  -nan |  -nan | 100.0 |  60.0
               +-------+-------+-------+-------+-------+----------------------

Vanquished Creatures
  The ghost of Malificent the Conjurer, an amateur TeCj (D:3)
  Terence (D:2)
  2 adders
  2 worms
  A giant gecko (D:3)
  2 orcs (D:3)
  8 bats
  6 goblins
  8 hobgoblins
  2 giant cockroaches (D:1)
  2 giant newts
  7 kobolds
  6 rats
48 creatures vanquished.

Notes
Turn   | Place    | Note
--------------------------------------------------------------
     0 | D:1      | jw the Octopode Berserker began the quest for the Orb.
     0 | D:1      | Reached XP level 1. HP: 16/16 MP: 1/1
   188 | D:1      | Reached XP level 2. HP: 19/21 MP: 2/2
  1022 | D:2      | Reached skill level 1 in Throwing
  1143 | D:2      | Noticed Terence
  1150 | D:2      | Killed Terence
  1150 | D:2      | Reached ** piety under Trog
  1150 | D:2      | Reached XP level 3. HP: 15/26 MP: 3/3
  1806 | D:2      | Reached skill level 4 in Axes
  1806 | D:2      | Reached XP level 4. HP: 11/31 MP: 4/4
  2470 | D:3      | Noticed Malificent's ghost (amateur TeCj)
  2480 | D:3      | Killed Malificent's ghost
  2480 | D:3      | Reached XP level 5. HP: 37/37 MP: 5/5
  2679 | D:3      | Found a sacrificial altar of Ru.
  3165 | D:3      | Found a shadowy altar of Dithmenos.
  3231 | D:3      | Found a snail-covered altar of Cheibriados.
  3416 | D:4      | Quit the game

Action                   |  1- 3 |  4- 6 || total
-------------------------+-------+-------++-------
Melee: Hand axe          |    46 |    36 ||    82
Throw: Stone             |    13 |    35 ||    48
       Tomahawk          |       |     8 ||     8
Invok: Berserk           |     1 |     1 ||     2
       Trog's Hand       |       |     1 ||     1
  Use: Scroll            |     3 |     3 ||     6
       Potion            |     1 |     2 ||     3
 Stab: Sleeping          |     5 |     6 ||    11
       Distracted        |     1 |       ||     1
  Eat: Chunk             |     3 |     7 ||    10

Vault maps used:
D:1:      scummos_arrival_forest
D:2:      first_bread, minmay_parallelograms, uniq_terence
D:3:      cheibriados_altar_1, lemuel_crystal_altar, lemuel_tele_altar
D:4:      grunt_temple_overflow_open, minmay_temple_entry_statues_fountains,
          minivault_19, uniq_edmund, uniq_grinder
